 Dungeon Crawl Stone Soup version 0.28-a0-863-g8cecda6153 (webtiles) character file.

Game seed: 475895080094594980

10899 lunkers the Grappler (level 11, -4/166 HPs)
             Began as a Troll Cinder Acolyte on Nov 17, 2021.
             Was a High Priest of Ignis.
             Slain by Jorgrun (9 damage)
             ... on level 12 of the Dungeon on Nov 23, 2021.
             The game lasted 00:15:55 (7828 turns).

lunkers the Grappler (Troll Cinder Acolyte)         Turns: 7828, Time: 00:15:55

Health: -4/166     AC:  5    Str: 27    XL:     11   Next: 42%
Magic:  11/11      EV:  9    Int: 16    God:    Ignis [*****.]
Gold:   397        SH: 10    Dex:  5    Spells: 12/12 levels left

rFire   + . .      SeeInvis .     - Unarmed
rCold   . . .      Faith    .   d - +2 kite shield {rPois}
rNeg    . . .      Spirit   .   l - +1 robe {Will+}
rPois   +          Reflect  .   (helmet restricted)
rElec   .          Harm     .   (no cloak)
rCorr   .          Rampage  .   (gloves unavailable)
Will    +....                   (boots unavailable)
Stlth   ..........              t - amulet of regeneration
HPRegen 2.37/turn               g - +6 ring of intelligence
MPRegen 0.12/turn               C - +4 ring of evasion

@: berserking (expiring), grasped by roots, constricted, very quick
A: large, unfitting armour, claws 3, regeneration 1, shaggy fur 1, tough skin 1
a: Renounce Religion, Sea of Fire, Foxfire Swarm, Rising Flame


You were on level 12 of the Dungeon.
You worshipped Ignis.
Ignis was extremely pleased with you.
You visited 1 branch of the dungeon, and saw 11 of its levels.
You also visited: Sewer.

You collected 532 gold pieces.
You spent 135 gold pieces at shops.

Inventory:

Armour
 d - a +2 kite shield of poison resistance (worn)
 j - +0 steam dragon scales
 l - a +1 robe of willpower (worn)
Jewellery
 g - a +6 ring of intelligence (left claw)
 t - an amulet of regeneration (around neck)
 B - a ring of fire
 C - a +4 ring of evasion (right claw)
Wands
 x - a wand of flame (20)
Scrolls
 c - a scroll of holy word
 k - 3 scrolls of enchant weapon
 m - 2 scrolls of amnesia
 n - 7 scrolls of teleportation
 o - a scroll of immolation
 p - 4 scrolls of blinking
 r - a scroll of identify
 u - a scroll of fear
 v - 2 scrolls of magic mapping
 y - a scroll of enchant armour
Potions
 a - a potion of mutation
 b - 4 potions of curing
 e - 4 potions of invisibility
 f - 2 potions of magic
 h - a potion of brilliance
 i - 2 potions of haste
 q - a potion of might
 s - a potion of attraction
 w - 2 potions of heal wounds
 z - a potion of lignification
 D - a potion of flight


   Skills:
 + Level 8.1 Fighting
 + Level 7.4 Shields
 * Level 13.2 Unarmed Combat
 - Level 1.0 Spellcasting
 - Level 2.1 Fire Magic


You had 12 spell levels left.
You didn't know any spells.
Your spell library contained the following spells:

 Spells                   Type           Power      Damage    Failure   Level
 Scorch                   Fire           14%        2d6       21%         2
 Pain                     Necr           0%         1d4       32%         1
 Sublimation of Blood     Necr           0%         N/A       43%         2
 Wereblood                Tmut           0%         N/A       43%         2
 Gell's Gravitas          Tloc           0%         N/A       67%         3
 Lesser Beckoning         Tloc           0%         N/A       67%         3
 Teleport Other           Tloc           0%         N/A       67%         3
 Agony                    Necr           0%         N/A       100%        5
 Excruciating Wounds      Necr           0%         N/A       100%        5
 Summon Hydra             Summ           0%         N/A       100%        7


Dungeon Overview and Level Annotations

Branches:
Dungeon (10/15)            Temple (0/1) D:7            Lair (0/6) D:10
    Orc (0/2) D:9           Sewer (visited)

Altars:
Ashenzari
Cheibriados
Elyvilon
Fedhas
Gozag
Hepliaklqana
Makhleb
Nemelex Xobeh
Qazlal
Sif Muna
Wu Jian
Xom
Yredelemnul
Zin
The Shining One

Shops:
D:1 *[?:   D:2 [

Annotations:
D:12 Jorgrun


Innate Abilities, Weirdness & Mutations

You are too large for most types of armour.
You have claws for hands.
Your natural rate of healing is unusually fast.
You are covered in fur. (AC +1)
You have tough skin. (AC +1)


Message History

Jorgrun is lightly wounded.
You miss Jorgrun.
Jorgrun is lightly wounded.
Jorgrun hits you with a staff of earth! Jorgrun shatters you!!
* * * LOW HITPOINT WARNING * * *
The grasping roots constrict you!
* * * LOW HITPOINT WARNING * * *
You miss Jorgrun.
Jorgrun is lightly wounded.
Jorgrun hits you with a staff of earth!
* * * LOW HITPOINT WARNING * * *
The grasping roots constrict you.
* * * LOW HITPOINT WARNING * * *
You closely miss Jorgrun.
Jorgrun is lightly wounded.
Unknown command.
You closely miss Jorgrun.
Jorgrun is lightly wounded.
You block Jorgrun's attack. The grasping roots constrict you!
* * * LOW HITPOINT WARNING * * *
You miss Jorgrun.
Jorgrun is lightly wounded.
Your shield prevents you from hitting Jorgrun.
Jorgrun is lightly wounded.
Jorgrun gestures at you while chanting. The iron shot hits you!!!
* * * LOW HITPOINT WARNING * * *
The grasping roots constrict you!
* * * LOW HITPOINT WARNING * * *
Unknown command.
Unknown command.
You closely miss Jorgrun.
Jorgrun is lightly wounded.
Unknown command.
Unknown command.
Unknown command.
You eviscerate Jorgrun!!!
Jorgrun is heavily wounded.
Jorgrun hits you with a staff of earth!
You die...

#####.#
......###########
####......<.....#######
#.##########........
... ..#.######. #.##
#.#.# .). #.#.##### .#
####.#.#.!.# .
#...>..@g# ####.#...#
#.#.### #.#.. ..###. ..
.. #.# .# #. .# #


You could see Jorgrun.

Vanquished Creatures
  A two-headed ogre (D:8)
  An ugly thing (D:12)
  Maurice (D:8)
  Maggie (D:6)
  2 kobold demonologists (D:8)
  Sigmund (D:3)
  5 wyverns
  15 yaks
  2 basilisks (D:10)
  Menkaure (D:4)
  Edmund (D:5)
  3 orc warriors
  10 water moccasins
  An ice beast (D:7)
  2 black bears
  A hornet zombie (D:7)
  2 sky beasts
  3 wolves (D:10)
  2 centaurs
  An ogre (D:5)
  2 necrophages
  5 kobold brigands
  4 bullfrogs
  A gnoll sergeant (D:5)
  A scorpion (D:7)
  A wyvern zombie (D:8)
  A water moccasin zombie (D:5)
  2 water moccasin skeletons
  3 killer bees (D:9)
  7 wights
  5 howler monkeys
  A bullfrog zombie (D:5)
  2 centaur zombies
  4 orc priests
  2 hounds (D:4)
  2 jellies
  2 bullfrog skeletons
  A gnoll shaman (D:9)
  Jessica (D:3)
  7 iguanas
  7 orc wizards
  Terence (D:3)
  A killer bee zombie (D:7)
  Robin (D:4)
  13 gnolls
  4 adders
  A shadow imp (D:7)
  An ufetubus (D:5)
  3 worms
  27 orcs
  9 ball pythons
  11 endoplasms
  7 giant cockroaches
  13 goblins
  10 hobgoblins
  3 jackals (D:1)
  5 quokkas
  11 bats
  3 frilled lizards
  28 kobolds
  5 rats
274 creatures vanquished.

Vanquished Creatures (collateral kills)
  A ball python (D:2)
1 creature vanquished.

Vanquished Creatures (others)
  A fungus (D:10)
  5 plants
6 creatures vanquished.

Grand Total: 281 creatures vanquished

Notes
Turn   | Place    | Note
-------+----------+-------------------------------------------
     0 | D:1      | lunkers the Troll Cinder Acolyte began the quest for the
                  | Orb.
     0 | D:1      | Reached XP level 1. HP: 22/22 MP: 1/1
    96 | D:1      | Found Ebekakk's Book Shoppe.
   105 | D:1      | Reached XP level 2. HP: 29/29 MP: 2/2
   136 | D:1      | Found Qonwun's Assorted Antiques.
   279 | D:1      | Found a faded altar of an unknown god.
   298 | D:1      | Found Gusariz's Armour Emporium.
   430 | D:1      | Found Luiggog's Magic Scroll Emporium.
   437 | D:1      | Reached XP level 3. HP: 35/36 MP: 3/3
   689 | D:2      | Reached skill level 4 in Unarmed Combat
  1179 | D:2      | Found a blossoming altar of Fedhas.
  1244 | D:2      | Found Guriaw's Armour Emporium.
  1513 | D:1      | Bought a +1 kite shield of poison resistance for 135 gold
                  | pieces
  1620 | D:3      | Reached XP level 4. HP: 42/45 MP: 4/4
  1631 | D:3      | Noticed Jessica
  1640 | D:3      | Killed Jessica
  1683 | D:3      | Noticed Terence
  1723 | D:3      | Killed Terence
  1724 | D:3      | Reached XP level 5. HP: 27/53 MP: 5/5
  1771 | D:3      | Reached skill level 1 in Shields
  1844 | D:3      | Found a glowing drain.
  1892 | D:3      | Reached skill level 5 in Unarmed Combat
  1900 | Sewer    | Entered a sewer
  2179 | Sewer    | Reached XP level 6. HP: 29/61 MP: 6/6
  2281 | D:3      | Noticed Sigmund
  2311 | D:3      | Killed Sigmund
  2312 | D:3      | Reached skill level 6 in Unarmed Combat
  2337 | D:3      | Reached XP level 7. HP: 57/70 MP: 7/7
  2679 | D:4      | Found a white marble altar of Elyvilon.
  2764 | D:4      | Found a burning altar of Makhleb.
  2905 | D:4      | Reached skill level 7 in Unarmed Combat
  2917 | D:4      | Found a shimmering altar of Xom.
  3128 | D:4      | Noticed Robin
  3141 | D:4      | Killed Robin
  3600 | D:4      | Noticed Menkaure
  3610 | D:4      | Killed Menkaure
  3611 | D:4      | Reached XP level 8. HP: 33/79 MP: 8/8
  3781 | D:5      | Entered Level 5 of the Dungeon
  3943 | D:5      | Reached skill level 5 in Fighting
  3943 | D:5      | Reached skill level 8 in Unarmed Combat
  3979 | D:5      | Found a broken altar of Ashenzari.
  4275 | D:5      | Noticed Edmund
  4288 | D:5      | Killed Edmund
  4677 | D:6      | Reached skill level 9 in Unarmed Combat
  4818 | D:6      | Noticed Maggie
  4832 | D:6      | Killed Maggie
  4833 | D:6      | Reached XP level 9. HP: 36/89 MP: 9/9
  4959 | D:6      | Found a snail-covered altar of Cheibriados.
  4998 | D:6      | Found an ornate altar of the Wu Jian Council.
  5213 | D:7      | Reached skill level 5 in Shields
  5239 | D:7      | Reached skill level 10 in Unarmed Combat
  5578 | D:7      | Found a staircase to the Ecumenical Temple.
  5928 | D:8      | Noticed a two-headed ogre
  5937 | D:8      | Killed a two-headed ogre
  5938 | D:8      | Reached skill level 11 in Unarmed Combat
  5938 | D:8      | Reached XP level 10. HP: 25/100 MP: 10/10
  6010 | D:8      | Noticed Maurice
  6028 | D:8      | Killed Maurice
  6555 | D:8      | Found a glowing golden altar of the Shining One.
  6630 | D:8      | Noticed a rust devil
  6788 | D:9      | Reached skill level 12 in Unarmed Combat
  6878 | D:9      | Found a staircase to the Orcish Mines.
  7104 | D:9      | Found a sparkling altar of Nemelex Xobeh.
  7104 | D:9      | Found a hazy altar of Hepliaklqana.
  7104 | D:9      | Found a shimmering blue altar of Sif Muna.
  7104 | D:9      | Found a stormy altar of Qazlal.
  7113 | D:9      | Found a shimmering altar of Xom.
  7118 | D:9      | Found an opulent altar of Gozag.
  7239 | D:9      | Reached XP level 11. HP: 89/110 MP: 11/11
  7347 | D:10     | Entered Level 10 of the Dungeon
  7348 | D:10     | Found a staircase to the Lair.
  7397 | D:10     | Reached skill level 13 in Unarmed Combat
  7643 | D:10     | Found a basalt altar of Yredelemnul.
  7652 | D:10     | Found a glowing silver altar of Zin.
  7760 | D:10     | You fall into a shaft and drop 2 floors!
  7764 | D:12     | Noticed a white ugly thing
  7768 | D:12     | Killed a white ugly thing
  7815 | D:12     | Noticed Jorgrun
  7826 | D:12     | HP: 3/166 [constriction (14)]
  7828 | D:12     | Slain by Jorgrun

Illustrated notes

Levels and vault maps discovered:
D:1:      minmay_arrival_three_doors, layout_rooms,
          shapermc_ecumenical_altar_notcrosses, serial_shops, shop_statue, shop,
          shop, shop_coins, st_stairs_5
D:2:      minmay_general_purpose_star, layout_basic, serial_shops, shop,
          basic_altar
D:3:      layout_basic, gup_sewer_entry_glass, uniq_jessica, uniq_terence,
          uniq_sigmund
D:4:      layout_basic, mainiacjoe_overflow_alcove_1, makhleb_heckhound_becter,
          minmay_ruined_shrine, uniq_robin, uniq_menkaure
D:5:      layout_loops_ring, ashenzari_altar_1, grunt_decor_cap,
          wad_floor_pattern_untrapped, uniq_edmund
D:6:      layout_rooms, cheibrodos_worm_habitat,
          mainiacjoe_overflow_concentric_impassable, abandoned_shop, uniq_maggie
D:7:      layout_loops_ring, minmay_temple_entry_trees
D:8:      layout_loops_ring, tso_altar, uniq_maurice
D:9:      layout_basic, minmay_overflow_temple_hex, david_orc_2
D:10:     layout_loops_ring, lemuel_doored_altar, zin_treasury,
          overflow_temple_1_default, minmay_lair_entry_grove, uniq_nergalle
D:12:     layout_loops_ring, serial_shops, shop_fountains, minivault_25,
          uniq_jorgrun, uniq_urug

Skill      XL: |  1  2  3  4  5  6  7  8  9 10 11 |
---------------+----------------------------------+-----
Unarmed Combat | 4 5 6 7 9 11 12 13 | 13.2
Fighting       | 3 4 5 6 7 8 |  8.1
Shields        | 1 2 3 4 5 6 7 |  7.4
Spellcasting   | |  1.0
Fire Magic     | |  2.1

Action                   |  1- 3 |  4- 6 |  7- 9 | 10-12 || total
-------------------------+-------+-------+-------+-------++-------
Melee: Unarmed           |   108 |   130 |   338 |   343 ||   919
       Punch             |     1 |       |       |       ||     1
  Use: Scroll            |     6 |     4 |     9 |     4 ||    23
       Potion            |       |       |     2 |     1 ||     3
Armor: Robe              |    30 |    56 |    68 |    57 ||   211
Dodge: Dodged            |    50 |    30 |    94 |    85 ||   259
Block: Kite shield       |     1 |    42 |   119 |   131 ||   293

Table legend: (Time is in decaauts)
 A = Elapsed time spent in this place.
 B = Non-inter-level travel time spent in this place.
 C = Inter-level travel time spent in this place.
 D = Time resting spent in this place.
 E = Time spent auto-exploring this place.
 F = Levels seen in this place.
 G = Mean time per level.
                   A        B        C        D        E       F      G
               +--------+--------+--------+--------+--------+-----+--------+
         Total |   7840 |   7422 |    418 |     44 |   5570 |  12 |  653.3 |
       Dungeon |   7439 |   7021 |    418 |     44 |   5351 |  11 |  676.3 |
         Sewer |    401 |    401 |      0 |      0 |    218 |   1 |  401.0 |
               +--------+--------+--------+--------+--------+-----+--------+

Top non-repeatable levels by time:
     D:4: 1166 daAuts
     D:2: 859 daAuts
     D:5: 800 daAuts
     D:8: 790 daAuts
     D:3: 742 daAuts
     D:7: 734 daAuts
     D:1: 698 daAuts
     D:6: 599 daAuts
     D:9: 587 daAuts
   Sewer: 401 daAuts
    D:10: 398 daAuts
    D:12: 62 daAuts
